Unix NetHack Version 5.0.0-0 post-release - last build May 10 2026 23:12:36 (d1fa5d53e341ca933230fdaa984d921c805b60aa,branch:main).

Game began 2026-05-15 14:07:53, ended 2026-05-15 14:48:12.

Drastanta, neutral female gnomish Wizard

                                                               ---------------
        -----                                                  |.............|
        |...-########################################r#########.^.....M@....>|
        |<..|                                                  |.............|
        --.--                                                  --.------------

Drastanta the Thaumaturge  St:11 Dx:13 Co:13 In:19 Wi:11 Ch:12  Neutral
Dlvl:9  $:80 HP:0(43) Pw:17(52) AC:0  Xp:6 T:2977  Burdened

Latest messages:
 It resists!
 In what direction? 6
 In what direction? 6
 In what direction? 6
 You swap places with your kitten.
 You hit the elf zombie!
 The kitten bites the elf zombie.
 The elf zombie hits!
 The kitten bites the elf zombie.
 You destroy the elf zombie!
 You swap places with your kitten.
 The kitten misses the black naga hatchling.
 The kitten misses the black naga hatchling.
 The kitten misses the black naga hatchling.
 The kitten misses the black naga hatchling.
 The kitten bites the black naga hatchling.
 The black naga hatchling is killed!
 You swap places with your kitten.
 You see here a black naga hatchling corpse.
 There is a black naga hatchling corpse here; eat it? [ynq] (n) y
 You have a very bad case of stomach acid.
 You finish eating the black naga hatchling corpse.
 You swap places with your kitten.
 You fall down the stairs.
 You climb up the stairs.
 You hit the human mummy!
 The human mummy misses!
 The human mummy just misses!
 The human mummy misses!
 The human mummy just misses!
 You feel more confident in your weapon skills.
 (Tip: use the #enhance command to advance them.)
 You hit the human mummy!
 The human mummy hits!
 The human mummy hits again!
 You hit the human mummy!
 The human mummy hits!
 The human mummy hits again!
 In what direction? 4
 The spell misses the human mummy.
 The human mummy hits!
 The human mummy hits again!
 The human mummy hits!
 The human mummy hits again!
 You die...
 Do you want your possessions identified? [ynq] (y) n
 Do you want to see your attributes? [ynq] (y) n
 Do you want an account of creatures vanquished? [ynaq] (y) n
 Do you want to see your conduct and achievements? [ynq] (y) n
 Do you want to see the dungeon overview? [ynq] (y) n

Inventory:
 Coins    ('$')
  $ - 80 gold pieces
 Weapons  (')')
  a - a blessed +1 quarterstaff (weapon in hands)
 Armor    ('[')
  P - an uncursed +0 elven leather helm (being worn)
  F - an uncursed +0 pair of high boots (being worn)
  Q - an uncursed +0 cloak of displacement
  b - an uncursed +0 cloak of magic resistance (being worn)
  O - an uncursed +0 dwarvish mithril-coat (being worn)
 Comestibles  ('%')
  u - a cursed food ration
  S - an uncursed orange
  v - an uncursed tripe ration
 Scrolls  ('?')
  J - an uncursed scroll of blank paper
  k - an uncursed scroll of confuse monster
  D - an uncursed scroll of create monster
  x - an uncursed scroll of gold detection
  w - a blessed scroll of identify
  j - an uncursed scroll of remove curse
  i - 3 uncursed scrolls of scare monster
  o - 2 uncursed scrolls of teleportation
 Spellbooks  ('+')
  m - an uncursed spellbook of cure blindness
  l - a blessed spellbook of force bolt
  p - an uncursed spellbook of magic missile
  E - an uncursed spellbook of magic missile
 Potions  ('!')
  f - an uncursed potion of blindness
  C - an uncursed potion of gain energy
  z - a blessed potion of hallucination
  g - an uncursed potion of invisibility
  N - a blessed potion of object detection
 Rings    ('=')
  d - an uncursed +2 ring of adornment
  e - an uncursed ring of sustain ability
 Wands    ('/')
  A - a wand of digging (0:4)
  R - a cursed wand of secret door detection (0:15)
  s - a cursed wand of sleep named Slp/Dth (0:4)
  c - a wand of speed monster (0:7)
 Tools    ('(')
  n - a magic marker (0:21)
  q - an uncursed skeleton key
  t - an uncursed skeleton key
 Gems/Stones  ('*')
  H - 2 uncursed obsidian stones

Drastanta the Wizard's attributes:

Background:
 You were a Thaumaturge, a level 6 female gnomish Wizard.
 You were neutral, on a mission for Thoth
 who was opposed by Ptah (lawful) and Anhur (chaotic).
 You were right-handed.
 You were in the Dungeons of Doom, on level 9.
 You entered the dungeon 2977 turns ago.
 You had 444 experience points, 196 more were needed to attain level 7.

Basics:
 You had 0 out of 43 hit points.
 You had 17 out of 52 energy points (spell power).
 Your armor class was 0.
 Your wallet contained 80 zorkmids.
 Autopickup was off.

Final Characteristics:
 Your strength was 11 (limit:18/50).
 Your dexterity was 13 (limit:18).
 Your constitution was 13 (limit:18).
 Your intelligence was 19 (limit:19).
 Your wisdom was 11 (limit:18).
 Your charisma was 12 (limit:18).

Final Status:
 You weren't hungry.
 You were burdened; movement was slightly slowed.
 You were wielding a quarterstaff.
 You had basic skill with quarterstaff and could have enhanced that.

Final Attributes:
 You were piously aligned.
 You were magic-protected.
 You were telepathic.
 You had infravision.
 You were guarded.
 Your spell casting was impaired by metallic armor.
 You are dead.

Miscellaneous:
 You encountered 1 bones level.
 Total elapsed playing time was 40 minutes and 19 seconds.

Major events:
 Turn
    1: Drastanta the neutral female gnomish Wizard entered the dungeon
 1381: attained the rank of Conjurer (level 3)
 2225: attained the rank of Thaumaturge (level 6)
 2963: entered the Bigroom
 2977: killed by a human mummy

Spells:
 Name                 Level Category     Fail Retention
 force bolt             1   attack        12%   81%-90%
 cure blindness         2   healing       68%  76%-100%

Skills:
 Fighting Skills
   bare handed combat [Unskilled]
   riding             [Unskilled]
 Weapon Skills
   dagger             [Unskilled]
   knife              [Unskilled]
   axe                [Unskilled]
   short sword        [Unskilled]
   club               [Unskilled]
   mace               [Unskilled]
   quarterstaff       [Basic]
   polearms           [Unskilled]
   spear              [Unskilled]
   trident            [Unskilled]
   sling              [Unskilled]
   dart               [Unskilled]
   shuriken           [Unskilled]
 Spellcasting Skills
   attack spells      [Basic]
   healing spells     [Unskilled]
   divination spells  [Unskilled]
   enchantment spells [Basic]
   clerical spells    [Unskilled]
   escape spells      [Unskilled]
   matter spells      [Unskilled]

Voluntary challenges:
 Character rerolling was not enabled.
 You never genocided any monsters.
 You never polymorphed an object.
 You never changed form.
 You used no wishes.
Achievements:
 You attained the rank of Conjurer.
 You entered a shop.
 You attained the rank of Thaumaturge.
 You entered the Big Room.

 The Dungeons of Doom: levels 1 to 10
    Level 1:
    Level 2:
       A fountain.
    Level 3:
    Level 5:
       An altar.
    Level 6:
    Level 7:
       An armor shop, a fountain.
    Level 8:
       A fountain.
    Level 9: <- You were here.
       Final resting place for
          you, killed by a human mummy,
          michelmartinet-Wiz-Hum-Mal-Neu, killed by a rock mole.
    Level 10:
       Many fountains.
       A very big room.


Vanquished creatures:
  a large mimic
  a small mimic
  a leprechaun
  a raven
  a wood nymph
  2 fog clouds
  a violet fungus
  a kobold mummy
  a black naga hatchling
  2 elf zombies
  a paper golem
  3 giant ants
  a floating eye
  a dwarf
  a kobold leader
  5 hill orcs
  a rabid rat
  a centipede
  4 coyotes
  a large kobold
  2 hobgoblins
  2 yellow molds
  2 garter snakes
  3 jackals
  a kobold
  5 grid bugs
  4 lichens
  a kobold zombie
  3 newts
54 creatures vanquished.

No species were genocided or became extinct.

Game over:
                       ----------
                      /          \
                     /    REST    \
                    /      IN      \
                   /     PEACE      \
                  /                  \
                  |    Drastanta     |
                  |      80 Au       |
                  |   killed by a    |
                  |   human mummy    |
                  |                  |
                  |                  |
                  |       2026       |
                 *|     *  *  *      | *
        _________)/\\_//(\/(/\)/\//\/|_)_______

Goodbye Drastanta the Wizard...

You died in The Dungeons of Doom on dungeon level 9 with 2298 points,
and 80 pieces of gold, after 2977 moves.
You were level 6 with a maximum of 43 hit points when you died.

